woodfighter, lawful female dwarven Priestess --- ----.-- |.....| |<...-- --.--- ----.| --h|..--- - --------.....G.---- -.....................--- ----G...---.%.G..--- |...-----.@G....--G -- - --.l.......Q.G..........| --..--------.....G...--- ---- --.--....| -- ----- woodfighter the Adept Experience level: 8 Strength: 16 Dexterity: 13 Constitution: 16 Intelligence: 17 Wisdom: 12 Charisma: 12 Health: 0(60) Energy: 63(63) Def: 20 Gold: 0 Moves: 11054 Dungeon seed: Fu6KM4VY3l5jnglG Game ID: woodfighter_1553711502 Your Inventory: Amulets l - an amulet of ESP (being worn) u - an amulet of flying Weapons a - a +0 elven spear (weapon in hand) b - 5 +0 dwarvish spears (in quiver) Armor n - a blessed +0 small shield (being worn) q - a +0 orcish helm (being worn) r - a blessed greased +3 gray dragon scale mail (being worn) w - a +0 Hawaiian shirt (being worn) z - a blessed +3 cloak of protection (being worn) Comestibles d - 3 sprigs of wolfsbane h - 2 tins of red mold i - 5 food rations C - a tripe ration Z - a lizard corpse Rings g - a ring of see invisible (on left hand) I - a ring of free action (on right hand) Wands G - a wand of enlightenment (0:11) J - a wand of sleep (0:2) K - a wand of digging (0:5) P - a wand of magic missile (0:0) Tools j - a +0 pick-axe s - a bag of holding t - a magic whistle y - a skeleton key E - a blessed brass lantern (0:861) F - a fire horn (0:5) W - a towel Gems e - a jasper k - a worthless piece of yellowish brown glass m - a sapphire p - a worthless piece of red glass N - a garnet O - a fluorite Q - a worthless piece of yellow glass Y - a flint Contents of the bag of holding: 636 gold pieces a blessed [+0] mummy wrapping 2 cursed scrolls of blank paper a scroll of destroy armor a scroll of earth a scroll of identify a cursed scroll of identify 2 cursed scrolls of light a cursed spellbook of wizard lock a potion of blindness a blessed potion of booze a cursed potion of gain energy a potion of object detection a ring of conflict a cursed ring of polymorph Spells and supernatural/magical abilities: Name Level Category Fail Memory h - healing 1 healing 10% 45% l - light 1 divination 27% 45% n - detect monsters 1 divination 27% 45% W - pray for help -- divine ? -- X - turn undead -- divine ? -- Your skills at the end: Miscellaneous Skills shield [Skilled] wands [Basic] Weapon Skills pick-axe [Basic] mace [Skilled] spear [Basic] Spellcasting Skills clerical spells [Basic] Final Attributes: You were devoutly aligned. You were magic-protected. Your writing hand was ok. You saw invisible. You were telepathic. You had infravision. You were protected. You had free action. You are dead. Vanquished creatures: 2 giant mimics a large dog a leprechaun a spotted jelly a lizard 2 giant spiders a gnome king a brown pudding a Green-elf 2 dogs a jaguar 2 blue jellies a plains centaur a gnome mummy a Woodland-elf 3 human zombies 3 yellow lights a bugbear an imp a wood nymph 3 Uruk-hai an orc shaman 3 rock piercers a shrieker a gnome lord 3 gray oozes an elf zombie a straw golem 3 paper golems 2 giant ants 2 puppies 2 floating eyes a kitten a homunculus 6 iguanas 6 hill orcs 4 rothes 2 rabid rats a jitterbug a giant bat 2 monkeys a wererat a werejackal 3 coyotes 3 gas spores a hobbit 2 acid blobs 4 large kobolds 6 geckos 4 hobgoblins 13 giant rats 5 cave spiders 2 brown molds 4 yellow molds 2 green molds 2 red molds a gnome 4 garter snakes 8 manes a gnome zombie 10 jackals a fox 3 kobolds 7 newts 5 goblins 9 sewer rats 4 grid bugs 5 bats 11 lichens 3 kobold zombies 200 creatures vanquished. Voluntary challenges: You were not invisible. You did not have reflection. You were not displaced. You had been an atheist until turn 3822. You used a wielded weapon 328 times, starting on turn 3. You did not apply a unicorn horn. You did not use plumbed fixtures. You did not drink any magical draughts. You read items or engraved 1 time, starting on turn 7381. You never genocided any monsters. You never polymorphed an object. You never changed form. You completed Sokoban on turn 7541, according to the rules. You used 1 wish, starting on turn 6004. You did not wish for any artifacts. You never split a pudding. You never wrote Elbereth's name. You never violated your personal moral code. Dungeon overview: The Dungeons of Doom: levels 1 to 8 Level 1 (box) a fountain a long staircase Level 2 a fountain stairs to The Gnomish Mines Level 3 (water) an altar to Poseidon Level 4 (box) a general store, a fountain Level 5 a fountain Level 6 Level 7 many fountains Level 8 (water) stairs to Sokoban The Gnomish Mines: levels 3 to 7 Level 3 stairs to The Dungeons of Doom Level 4 Level 5 many shops, a temple to Athena, a magic chest, some fountains Level 6 Level 7 <- You were here Sokoban: levels 4 to 7 Level 4 a magic chest Level 5 Level 6 Level 7 a magic chest stairs to The Dungeons of Doom History has recorded: On T:1 you entered the Dungeons of Doom to retrieve the Amulet of Yendor! On T:248 you reached level 2 of The Dungeons of Doom. On T:366 you reached level 1 of The Gnomish Mines. On T:439 you advanced to experience level 2. On T:733 you reached level 3 of The Dungeons of Doom. On T:830 you advanced to experience level 3. On T:1100 you reached level 4 of The Dungeons of Doom. On T:1630 you advanced to experience level 4. On T:1646 you reached level 5 of The Dungeons of Doom. On T:2275 you reached level 6 of The Dungeons of Doom. On T:2962 you advanced to experience level 5. On T:3410 you reached level 7 of The Dungeons of Doom. On T:3822 you prayed to Athena. On T:4124 you reached level 8 of The Dungeons of Doom. On T:4222 you advanced to experience level 6. On T:4273 you reached level 4 of Sokoban. On T:4341 you opened a magic chest. On T:4874 you reached level 3 of Sokoban. On T:4890 you prayed to Athena. On T:5315 you reached level 2 of Sokoban. On T:6004 you wished for "+3 blessed greased fixed gray dragon scale mail". On T:6306 you advanced to experience level 7. On T:6351 you reached level 1 of Sokoban. On T:7541 you advanced to experience level 8. On T:7541 you entered the Sokoban zoo. On T:8670 you reached level 2 of The Gnomish Mines. On T:8937 you reached level 3 of The Gnomish Mines. On T:9288 you entered the Minetown temple On T:10391 you reached level 4 of The Gnomish Mines. On T:10726 you reached level 5 of The Gnomish Mines. Score breakdown: Gold: 636 ( 63 points) Experience: 8 levels ( 700 points) Exploration: 8 levels ( 210 points) Discoveries: 40 items ( 2000 points) Variety of kills: 70 monsters ( 2000 points) Major goal: finished Sokoban ( 1000 points) Survival: died (score multiplied by 3) Total score: 17919 Latest messages: You jab the Green-elf! The bat misses. The Green-elf swings his runed broadsword at you. The Green-elf slashes you! The Green-elf swings her runed broadsword at you. The Green-elf misses. The bat misses. You jab the Green-elf! The bat misses. The Green-elf swings his runed broadsword at you. The Green-elf slashes you! The Green-elf swings her runed broadsword at you. The Green-elf misses. You kill the bat! The Green-elf swings his runed broadsword at you. The Green-elf slashes you! The Green-elf swings her runed broadsword at you. The Green-elf slashes you! You kill the Green-elf! The Green-elf swings her runed broadsword at you. The Green-elf misses. The Green-elf swings her runed broadsword at you. The Green-elf misses. You jab the Green-elf! The Green-elf swings her runed broadsword at you. The Green-elf slashes you! You die... Final status: Goodbye woodfighter the Priestess, killed by a Green-elf... You died in The Gnomish Mines on dungeon level 7 with 17919 points, and 636 pieces of gold, after 11054 moves. You were level 8 with a maximum of 60 hit points when you died.